 Dungeon Sprint DCSS version 0.31-a0-986-g5e6e4ef867 (webtiles) character file.

Game seed: 733341105282530500

2 rocky1 the Changeling (level 1, -1/15 HPs)
             Began as a Demonspawn Shapeshifter on Nov 14, 2023.
             Slain by Jessica
             ... wielding a +0 club
              (6 damage)
             ... in the Dungeon (Sprint III: "The Ten Rune Challenge").
             The game lasted 00:00:16 (51 turns).

rocky1 the Changeling (Demonspawn Shapeshifter)       Turns: 51, Time: 00:00:16

Health: -1/15      AC:  2    Str: 14    XL:     1   Next: 33%
Magic:  1/1        EV: 12    Int: 11    God:
Gold:   17         SH:  0    Dex: 12    Spells: 0/0 levels left

rFire   . .          .
                       - Unarmed
rCold   . . .        (no shield)
rNeg    . . .        a - +0 animal skin
rPois   .            (helmet currently unavailable)
rElec   .            (cloak currently unavailable)
rCorr   .            (gloves currently unavailable)
SInv    .            (boots currently unavailable)
Will    .....        (no amulet)
Stlth   +            (no ring)
HPRegen 0.22/turn    (no ring)
MPRegen 0.07/turn

%: no teleportation
@: beast-form, slowed, very slow
A: beast (slay +2)
a: Begin Untransformation


You were in the Dungeon.
You were a hulking beast.
You visited 1 branch You collected 17 gold pieces.

Inventory:

Armour
 a - a +0 animal skin (worn)
Talismans
 c - a beast talisman
 d - a flux talisman
Scrolls
 j - a scroll of blinking
Potions
 b - a potion of lignification
 e - a potion of curing
 g - a potion of haste
 h - 2 potions of magic
 i - a potion of berserk rage


   Skills:
 + Level 1.0 Fighting
 + Level 1.7 Dodging
 + Level 2.6 Unarmed Combat
 + Level 3.6 Shapeshifting


You couldn't memorise any spells.
You didn't know any spells.
Your spell library was empty.

Dungeon Overview and Level Annotations

Branches:
Dungeon (1/1)

Altars:

Annotations:
D Jessica


Message History

You hit the endoplasm.
The endoplasm is severely wounded.
The endoplasm closely misses you.
You hit the endoplasm.
You kill the endoplasm!
No target in view!
No target in view!
You now have 17 gold pieces.
Found 4 stones.
No target in view!
No target in view!
A rat comes into view.
The rat bites you.
You hit the rat but do no damage. The rat bites you.
You hit the rat.
You kill the rat!
No target in view!
No target in view!
HP restored.
Jessica the Apprentice Sorceress comes into view.
She is wielding a +0 club.
Jessica shouts!
Jessica casts a spell at you. Pain shoots through your body!
Jessica points at you and mumbles some strange words.
You feel yourself slow down.
Jessica mumbles some strange words.
Jessica blinks!
You hit Jessica.
Jessica is heavily wounded.
Jessica hits you with a +0 club. Jessica hits you with a +0 club!
Ouch! That really hurt!
* * * LOW HITPOINT WARNING * * *
You feel much better. Jessica hits you with a +0 club.
You barely miss Jessica.
Jessica is heavily wounded.
Jessica closely misses you. Jessica hits you with a +0 club.
You hit Jessica but do no damage.
Jessica is heavily wounded.
Jessica hits you with a +0 club.
You die...

▓▓▓▓▓▓▓▓▓
▓<..#(..####
▓...#......##
▓..##....†..#
▓##.##.##...#
##.##.###..#
▓#.####.##..#
▓.###†.##..##
▓#.....##.h#
###..##..@#
##..##....#
#..###..##.
#..# #.. #
▓▓▓▓ ▓▓▓


You could see Jessica.

Vanquished Creatures
  An endoplasm (D)
  2 rats (D)
3 creatures vanquished.

Notes
Turn   | Place    | Note
-------+----------+-------------------------------------------
     0 | D        | rocky1 the Demonspawn Shapeshifter began the quest for the
                  | Orb.
     0 | D        | Reached XP level 1. HP: 15/15 MP: 1/1
    10 | D        | Reached skill level 3 in Shapeshifting
    43 | D        | Noticed Jessica
    51 | D        | Slain by Jessica

Illustrated notes

Levels and vault maps discovered:
D:        dungeon_sprint_mu [sprint_mu_entry_cave, sprint_mu_temple_rooms,
          sprint_mu_d1_horrors, sprint_mu_d2_genie, sprint_mu_d3_branching,
          sprint_mu_orc_legion, sprint_mu_elf_gauntlet, sprint_mu_hive_nellie,
          sprint_mu_lair_fedhas, sprint_mu_vaults_butterflies,
          sprint_mu_slime_circle, sprint_mu_shoals_archi,
          sprint_mu_snake_twists, sprint_mu_blade_basic,
          sprint_mu_crypt_chambers, sprint_mu_tomb_spiral,
          sprint_mu_vestibule_basic, sprint_mu_gehenna_hellfire,
          sprint_mu_dis_giant, sprint_mu_tartarus_statrot,
          sprint_mu_cocytus_islands, sprint_mu_zot1]

Skill      XL: |  1 |
---------------+----+-----
Shapeshifting  | 3 |  3.6
Fighting       | |  1.0
Dodging        | |  1.7
Unarmed Combat | |  2.6

Action                     || total
---------------------------++-------
  Melee: Unarmed           ||     8
    Use: Potion            ||     1
   Stab: Sleeping          ||     2
 Armour: Animal skin       ||     7
  Dodge: Dodged            ||     2

Table legend: (Time is in decaauts)
 A = Elapsed time spent in this place.
 B = Non-inter-level travel time spent in this place.
 C = Inter-level travel time spent in this place.
 D = Time resting spent in this place.
 E = Time spent auto-exploring this place.
 F = Levels seen in this place.
 G = Mean time per level.
                   A        B        C        D        E       F      G
               +--------+--------+--------+--------+--------+-----+--------+
         Total |     53 |     53 |      0 |      0 |     30 |   1 |   53.0 |
       Dungeon |     53 |     53 |      0 |      0 |     30 |   1 |   53.0 |
               +--------+--------+--------+--------+--------+-----+--------+

Top non-repeatable levels by time:
       D: 53 daAuts
